[Event "Team 45 45 League T78"]
[Site "Internet Chess Club"]
[Date "2018.11.11"]
[Round "8"]
[White "Monterrey"]
[Black "janh"]
[Result "1/2-1/2"]
[WhiteElo "1977"]
[BlackElo "1921"]
[Opening "QGD: Chigorin defense"]
[ECO "D07"]
[Time "20:02:08"]
[TimeControl "2700+45"]

1. d4 d5 2. c4 Nc6 3. Nf3 Bg4 4. Nc3 e6 5. Bg5 Be7 6. Bxe7 Ngxe7 7. e3 O-O 8.
cxd5 Nxd5 9. Be2 Qd6 10. O-O Rfe8 11. Ne4 Qb4 12. Rb1 Red8 13. a3 Qf8 14. Ng3 f5
15. Nd2 Bxe2 16. Qxe2 f4 17. Nge4 Qe7 18. Rfe1 Rf8 19. Rbc1 Rae8 20. Qb5 Nd8 21.
Qc5 fxe3 22. fxe3 Qh4 23. Ng3 b6 24. Qc4 Rf6 25. Nf3 Qh6 26. Qe2 Ref8 27. Ne5
Qh4 28. Qg4 {Game drawn by mutual agreement} 1/2-1/2

[Event "Team 45 45 League T78"]
[Site "Internet Chess Club"]
[Date "2018.11.11"]
[Round "8"]
[White "primerpaso"]
[Black "leandromorg"]
[Result "0-1"]
[WhiteElo "1760"]
[BlackElo "1776"]
[Opening "English opening"]
[ECO "A13"]
[Time "06:03:23"]
[TimeControl "2700+45"]

1. c4 e6 2. Nc3 d5 3. cxd5 exd5 4. d4 f5 5. g3 Nf6 6. Bg2 c6 7. Nh3 Bd6 8. O-O
O-O 9. Bf4 Na6 10. Rb1 Nc7 11. b4 Ne4 12. Qd3 Bxf4 13. gxf4 Ne6 14. b5 Qh4 15.
e3 Rf6 16. Ne2 g5 17. fxg5 N6xg5 18. Nxg5 Nxg5 19. Nf4 Rh6 20. h3 Ne6 21. Nxe6
Bxe6 22. f4 Kh8 23. bxc6 bxc6 24. Rb2 Rg8 25. Kh1 Qg3 26. Qe2 Rxh3+ 27. Bxh3
Qxh3+ {White resigns} 0-1

[Event "Team 45 45 League T78"]
[Site "Internet Chess Club"]
[Date "2018.11.11"]
[Round "8"]
[White "Ajolote"]
[Black "Portola"]
[Result "1-0"]
[WhiteElo "1935"]
[BlackElo "1736"]
[Opening "French: Chigorin variation"]
[ECO "C00"]
[Time "12:09:07"]
[TimeControl "2700+45"]

1. e4 e6 2. Qe2 Be7 3. Nf3 Nf6 4. d3 d5 5. e5 Nfd7 6. g3 c5 7. Bg2 Nc6 8. O-O h6
9. c3 Qc7 10. Re1 b6 11. a3 a5 12. h4 Bb7 13. Bf4 b5 14. c4 bxc4 15. dxc4 d4 16.
Nbd2 Nb6 17. Ne4 Nc8 18. Bh3 Nd8 19. h5 Bxe4 20. Qxe4 Rb8 21. Rab1 Qb7 22. Qe2
Qa6 23. Nd2 Nb6 24. b3 O-O 25. Ne4 Nd7 26. g4 Rb6 27. g5 hxg5 28. Nxg5 f6 29.
exf6 Bxf6 30. Nxe6 Rf7 31. Nxd8 Bxd8 32. Qe8+ Nf8 33. Bg3 Bf6 34. Bg2 Re6 35.
Rxe6 Qxe6 36. Qxe6 Nxe6 37. Bd5 Re7 38. Re1 Kf7 39. f4 d3 40. f5 d2 41. fxe6+
Ke8 42. Rd1 Bg5 43. Be5 g6 44. hxg6 Bh6 45. Bf6 Rc7 46. e7 Rxe7 47. Bxe7 Kxe7
48. Rxd2 Bxd2 49. g7 Be3+ 50. Kg2 {Black resigns} 1-0

[Event "Team 45 45 League T78"]
[Site "Internet Chess Club"]
[Date "2018.11.10"]
[Round "8"]
[White "kabindra"]
[Black "nealbruce"]
[Result "1-0"]
[WhiteElo "1748"]
[BlackElo "1676"]
[Opening "Scotch gambit: Dubois-Réti defense"]
[ECO "C55"]
[Time "14:00:20"]
[TimeControl "2700+45"]

1. e4 e5 2. Nf3 Nc6 3. Bc4 Nf6 4. d4 exd4 5. e5 d5 6. Bb5 Ne4 7. Nxd4 Bd7 8.
Bxc6 bxc6 9. O-O Bc5 10. f3 Ng5 11. Be3 Bb6 12. c3 O-O 13. Nd2 f6 14. exf6 Qxf6
15. f4 Ne6 16. f5 Nxd4 17. cxd4 Bxd4 18. Nc4 Bxe3+ 19. Nxe3 Qxb2 20. Rb1 Qe5 21.
Ng4 Qd6 22. Qd3 Rab8 23. Rxb8 Rxb8 24. Qe3 Rb4 25. Qg5 Qc5+ 26. Kh1 Rxg4 27.
Qxg4 Qe7 28. Qg3 Qd6 29. Qg5 Qf6 30. Qe3 d4 31. Qb3+ Qf7 32. Qb8+ Qe8 33. Qxa7
c5 34. Qxc5 Qe2 35. Qd5+ Kf8 36. Rg1 Qe7 37. Qxd4 c5 38. Qd5 Be8 39. Rc1 Bf7 40.
Qa8+ Be8 41. Qc8 Qd6 42. Qxc5 Qxc5 43. Rxc5 Kf7 44. Ra5 Bc6 45. Kg1 Be4 46. Kf2
Kf6 47. g4 h5 48. h3 Kg5 49. Kg3 h4+ 50. Kf2 Kf4 51. Ra7 g5 52. f6 {Black
resigns} 1-0

[Event "Team 45 45 League T78"]
[Site "Internet Chess Club"]
[Date "2018.11.07"]
[Round "8"]
[White "searchforbobby1"]
[Black "gnat"]
[Result "1/2-1/2"]
[WhiteElo "2075"]
[BlackElo "2066"]
[Opening "KP: Nimzovich defense"]
[ECO "B00"]
[Time "22:07:54"]
[TimeControl "2700+45"]

1. e4 Nc6 2. d4 d5 3. e5 Bf5 4. c3 e6 5. Ne2 f6 6. exf6 Qxf6 7. Ng3 Bg6 8. Bb5
Bd6 9. Nd2 Ne7 10. Nf3 O-O 11. O-O a6 12. Bg5 Qf7 13. Bxe7 Nxe7 14. Bd3 Bxd3 15.
Qxd3 Ng6 16. Nh5 Qf5 17. Qxf5 exf5 18. Rfe1 Rfe8 19. Kf1 Re4 20. Ng3 Bxg3 21.
hxg3 h6 22. Nd2 Ree8 23. f3 Kf7 {Game drawn by mutual agreement} 1/2-1/2

[Event "Team 45 45 League T78"]
[Site "Internet Chess Club"]
[Date "2018.11.10"]
[Round "8"]
[White "Monterrey"]
[Black "cool64chess"]
[Result "0-1"]
[WhiteElo "1980"]
[BlackElo "1982"]
[Opening "QGD: exchange, positional line"]
[ECO "D35"]
[Time "20:00:39"]
[TimeControl "2700+45"]

1. d4 d5 2. c4 e6 3. Nc3 Nf6 4. cxd5 exd5 5. Bg5 Be7 6. e3 O-O 7. Qc2 h6 8. Bh4
c6 9. Bd3 Nbd7 10. Nf3 Re8 11. h3 Ne4 12. Bxe7 Qxe7 13. O-O-O Nxc3 14. Qxc3 a5
15. Kb1 Nf8 16. Qc2 Be6 17. Ne5 Rec8 18. Rc1 b6 19. f4 c5 20. g4 f6 21. Nf3 c4
22. Bf1 b5 23. e4 dxe4 24. Qxe4 Qd6 25. Bg2 Bd5 26. Qf5 g6 27. Qc2 Qxf4 28. Qd1
a4 29. Rf1 Qd6 30. Qd2 a3 31. Nh4 axb2 32. Qxb2 c3 33. Bxd5+ Qxd5 34. Qb3 Qxb3+
35. axb3 Ra3 36. Rxf6 Rxb3+ 37. Kc2 Rb2+ 38. Kd3 Rd2+ 39. Ke4 Kg7 40. Rb6 c2 41.
Rb7+ Kg8 42. Ra7 Rd1 43. Raa1 Re8+ {White resigns} 0-1

[Event "Team 45 45 League T78"]
[Site "Internet Chess Club"]
[Date "2018.11.10"]
[Round "8"]
[White "ArturitoGalacti"]
[Black "laurenpar"]
[Result "1-0"]
[WhiteElo "1917"]
[BlackElo "1871"]
[Opening "English: Anglo-Dutch defense"]
[ECO "A10"]
[Time "21:30:31"]
[TimeControl "2700+45"]

1. c4 f5 2. g3 Nf6 3. Bg2 d6 4. d4 e6 5. Nh3 Be7 6. Nc3 O-O 7. Nf4 c6 8. d5 e5
9. dxc6 bxc6 10. Nfd5 Nxd5 11. Nxd5 e4 12. Nxe7+ Qxe7 13. O-O Nd7 14. b3 Nf6 15.
Bb2 Be6 16. f3 d5 17. Qc2 Rad8 18. cxd5 Bxd5 19. Bxf6 Rxf6 20. fxe4 fxe4 21.
Rxf6 Qxf6 22. Rd1 Re8 23. e3 h5 24. Qf2 Qe7 25. Rf1 a5 26. Qb2 h4 27. gxh4 Qxh4
28. Qd4 Rf8 29. Rxf8+ Kxf8 30. Qc5+ Kg8 31. Qxa5 Qg4 32. Qd2 Qe6 33. Bf1 Qg4+
34. Kh1 Qf3+ 35. Bg2 Qg4 36. b4 Kh8 37. a4 Bc4 38. Qd8+ Kh7 39. h3 Qg3 40. Qd4
Bd5 41. Bxe4+ Kh8 42. Bxd5 Qxh3+ 43. Kg1 cxd5 44. a5 Qg3+ 45. Kf1 Kh7 46. a6 Qb8
47. a7 Qb7 48. Qc5 g5 49. b5 g4 50. b6 {Black resigns} 1-0

[Event "Team 45 45 League T78"]
[Site "Internet Chess Club"]
[Date "2018.11.09"]
[Round "8"]
[White "Chessfish"]
[Black "cityprosecutor"]
[Result "1-0"]
[WhiteElo "1890"]
[BlackElo "1677"]
[Opening "Pirc: Austrian attack, dragon formation"]
[ECO "B09"]
[Time "22:05:22"]
[TimeControl "2700+45"]

1. e4 d6 2. d4 Nf6 3. Nc3 g6 4. f4 Bg7 5. Nf3 c5 6. Bb5+ Bd7 7. Bxd7+ Nbxd7 8.
d5 O-O 9. O-O b5 10. Qe2 b4 11. Nd1 Qb6 12. Nf2 a5 13. a3 Rfc8 14. Re1 Ra7 15.
Be3 Rca8 16. c4 Qc7 17. e5 dxe5 18. fxe5 Ne8 19. Bf4 Nb6 20. Rac1 e6 21. d6 Qc6
22. axb4 axb4 23. Nd3 Nd7 24. Rf1 Bf8 25. Ng5 Ng7 26. g4 h6 27. Ne4 Ne8 28. Qf3
Qb7 29. Ndxc5 Nxc5 30. Nxc5 Qb6 31. Be3 Qd8 32. Nxe6 {Black resigns} 1-0

[Event "Team 45 45 League T78"]
[Site "Internet Chess Club"]
[Date "2018.11.08"]
[Round "8"]
[White "pokerram"]
[Black "Hal2001"]
[Result "1/2-1/2"]
[WhiteElo "1586"]
[BlackElo "1608"]
[Opening "Robatsch defense"]
[ECO "B06"]
[Time "14:00:37"]
[TimeControl "2700+45"]

1. e4 g6 2. d4 Bg7 3. Nc3 c5 4. dxc5 Bxc3+ 5. bxc3 Qa5 6. Qd4 Nf6 7. Qb4 Qxb4 8.
cxb4 Nxe4 9. Bd3 Nf6 10. Ne2 O-O 11. O-O Nc6 12. c3 b6 13. cxb6 axb6 14. a4 Bb7
15. Be3 Nd5 16. Bd2 Ne5 17. Bb5 Bc6 18. c4 Bxb5 19. cxb5 Rfc8 20. Rfc1 Nd3 21.
Rxc8+ Rxc8 22. Ra2 N5xb4 23. Bxb4 Nxb4 24. Rd2 d6 25. f3 Ra8 26. Nc3 Rc8 27. Ne2
Ra8 {Game drawn by mutual agreement} 1/2-1/2

[Event "Team 45 45 League T78"]
[Site "Internet Chess Club"]
[Date "2018.11.08"]
[Round "8"]
[White "Constrictor"]
[Black "liujf"]
[Result "1/2-1/2"]
[WhiteElo "1530"]
[BlackElo "1609"]
[Opening "Vienna game"]
[ECO "C26"]
[Time "19:30:28"]
[TimeControl "2700+45"]

1. e4 e5 2. Nc3 Nf6 3. Bc4 Bc5 4. d3 Nc6 5. Be3 Bxe3 6. fxe3 d6 7. Nf3 O-O 8.
O-O Be6 9. Bxe6 fxe6 10. d4 exd4 11. exd4 e5 12. dxe5 Nxe5 13. Nxe5 dxe5 14. Qe2
Qe7 15. Nd5 Nxd5 16. exd5 Qc5+ 17. Kh1 Qxd5 18. Rad1 Qe6 19. h3 Rxf1+ 20. Rxf1
Re8 21. Qe4 c6 22. Rf5 Qd5 23. Qe3 Qd4 24. Qb3+ Kh8 25. Qxb7 Qd1+ 26. Kh2 Qxc2
27. Qe7 Rg8 28. Qxe5 h6 29. Rf7 Qa4 30. a3 Kh7 31. Qf5+ Kh8 32. Qe5 Kh7 33. Qf5+
Kh8 34. Qe5 {Game drawn by repetition} 1/2-1/2

[Event "Team 45 45 League T78"]
[Site "Internet Chess Club"]
[Date "2018.11.12"]
[Round "8"]
[White "chessabc"]
[Black "calsal"]
[Result "0-1"]
[WhiteElo "1752"]
[BlackElo "1814"]
[Opening "Levitsky attack (Queen's bishop attack)"]
[ECO "D00"]
[Time "19:04:00"]
[TimeControl "2700+45"]

1. d4 d5 2. Bg5 h6 3. Bh4 c6 4. e3 Qb6 5. b3 e5 6. Nf3 e4 7. Nfd2 Be7 8. Bxe7
Nxe7 9. Be2 c5 10. dxc5 Qxc5 11. c4 f5 12. O-O O-O 13. a3 Kh8 14. b4 Qc7 15. Nc3
Qe5 16. Rc1 Be6 17. Nb5 Nd7 18. cxd5 Nxd5 19. Nc4 Qb8 20. Nd4 Bg8 21. Nb2 Ne5
22. Nc4 f4 23. Nxe5 Qxe5 24. Bc4 fxe3 25. Bxd5 exf2+ 26. Rxf2 Bxd5 27. Re2 Rac8
28. Rec2 Rcd8 29. Rd2 e3 30. Rd3 Be4 31. Rc5 Qf6 32. Rxe3 Qf2+ {White resigns}
0-1

[Event "Team 45 45 League T78"]
[Site "Internet Chess Club"]
[Date "2018.11.11"]
[Round "8"]
[White "MathBandit"]
[Black "Timotheous"]
[Result "1-0"]
[WhiteElo "1539"]
[BlackElo "1713"]
[Opening "Sicilian: Nimzovich-Rossolimo attack (without ...d6)"]
[ECO "B30"]
[Time "07:01:47"]
[TimeControl "2700+45"]

1. e4 c5 2. Nf3 Nc6 3. Bb5 Qc7 4. Bxc6 Qxc6 5. Nc3 g6 6. d4 cxd4 7. Nxd4 Qb6 8.
Be3 Nf6 9. Qd2 Ng4 10. Nd5 Qxb2 11. O-O Nxe3 12. fxe3 Rb8 13. Qf2 f6 14. Nxf6+
Kd8 15. Ne6+ dxe6 16. Rad1+ Kc7 17. Ne8+ Kc6 18. Qf4 e5 19. Qf7 Qc3 20. Qd5+
{Black resigns} 1-0

[Event "Team 45 45 League T78"]
[Site "Internet Chess Club"]
[Date "2018.11.08"]
[Round "8"]
[White "idjit"]
[Black "Chess4Him"]
[Result "1-0"]
[WhiteElo "1585"]
[BlackElo "1513"]
[Opening "Robatsch defense: three pawns attack"]
[ECO "B06"]
[Time "21:00:16"]
[TimeControl "2700+45"]

1. e4 g6 2. d4 Bg7 3. f4 d6 4. Nf3 a6 5. Bd3 b5 6. O-O Bb7 7. c4 bxc4 8. Bxc4
Bxe4 9. Bxf7+ Kxf7 10. Ng5+ Ke8 11. Nxe4 Qd7 12. Nbc3 Nf6 13. Re1 h6 14. Nxf6+
Bxf6 15. Nd5 Kd8 16. Nxf6 exf6 17. Bd2 Nc6 18. Bc3 d5 19. Qf3 a5 20. Re3 Ne7 21.
Rae1 Rh7 22. Qe2 c6 23. Re6 Rf7 24. b4 a4 25. b5 cxb5 26. Bb4 Nc8 27. Rc1 h5 28.
Rec6 Qb7 29. Qe6 Qd7 30. Ba5+ {Black resigns} 1-0

[Event "Team 45 45 League T78"]
[Site "Internet Chess Club"]
[Date "2018.11.10"]
[Round "8"]
[White "chuckh2"]
[Black "Kingfisher75"]
[Result "1-0"]
[WhiteElo "1358"]
[BlackElo "1570"]
[Opening "Queen's pawn, Mason variation"]
[ECO "D00"]
[Time "20:00:31"]
[TimeControl "2700+45"]

1. d4 d5 2. Bf4 Nf6 3. e3 e6 4. Nf3 c5 5. c3 Nc6 6. Nbd2 Bd6 7. Bg3 O-O 8. Bd3
b6 9. Ne5 Bb7 10. O-O Rc8 11. f3 Qe7 12. e4 cxd4 13. Nxc6 Bxc6 14. e5 Bc5 15.
exf6 Qxf6 16. c4 dxc4 17. Nxc4 Rfd8 18. Qe1 Re8 19. Rc1 Bd5 20. b3 Qe7 21. Kh1
Bb4 22. Qe2 Bc3 23. Nd6 Red8 24. Nxc8 Rxc8 25. Be5 Qd8 26. Qc2 Rc5 27. Bxh7+ Kf8
28. Be4 Bxb3 29. Bxg7+ Kxg7 30. axb3 Qc7 31. Qe2 Rh5 32. f4 Rh6 33. Qg4+ Kf8 34.
Qg5 Rh8 35. Rf3 Qd6 36. Qf6 Rg8 37. Rcf1 b5 38. Rh3 b4 39. Rh7 d3 40. Qxf7#
{Black checkmated} 1-0

[Event "Team 45 45 League T78"]
[Site "Internet Chess Club"]
[Date "2018.11.07"]
[Round "8"]
[White "mongmong"]
[Black "bennywins"]
[Result "1-0"]
[WhiteElo "1467"]
[BlackElo "1563"]
[Opening "Queen's pawn game"]
[ECO "D04"]
[Time "18:06:03"]
[TimeControl "2700+45"]

1. d4 d5 2. Nf3 Nf6 3. e3 Bg4 4. c4 e6 5. Nc3 c5 6. Be2 Nc6 7. dxc5 dxc4 8. O-O
Qc7 9. Qa4 Bxc5 10. Qxc4 Be7 11. a3 O-O 12. Bd2 Rac8 13. Rfd1 a6 14. b4 b5 15.
Qb3 Ne5 16. Nxe5 Qxe5 17. h3 Bxe2 18. Nxe2 Ne4 19. Be1 Bf6 20. Rab1 Rc4 21. Rdc1
Rfc8 22. Rxc4 Rxc4 23. Qd3 Qf5 24. f3 Ng3 25. Qxf5 Nxe2+ 26. Kf2 exf5 27. Kxe2
Rc2+ 28. Kf1 Ra2 29. Rb3 Bb2 30. Rd3 h6 31. Rd2 Kf8 32. Rc2 Ke7 33. Ke2 Ke6 34.
Bc3 Bxc3 35. Rxa2 Kd5 36. Kd3 Be5 37. Rc2 Kd6 38. e4 f4 39. Kd2 Bd4 40. Kc1 Bb6
41. Kb2 a5 42. bxa5 Bxa5 43. Kb3 Be1 44. Rc1 Ba5 45. Rd1+ Ke5 46. Rd5+ Kf6 47.
Rxb5 Be1 48. a4 {Black resigns} 1-0

[Event "Team 45 45 League T78"]
[Site "Internet Chess Club"]
[Date "2018.11.10"]
[Round "8"]
[White "Just-Jim"]
[Black "Toalla"]
[Result "0-1"]
[WhiteElo "1237"]
[BlackElo "1260"]
[Opening "Canard opening"]
[ECO "A45"]
[Time "11:13:55"]
[TimeControl "2700+45"]

1. d4 Nf6 2. f4 g6 3. Nc3 Bg7 4. e3 d6 5. Be2 O-O 6. Nf3 Nbd7 7. O-O c5 8. d5 e5
9. dxe6 fxe6 10. Qxd6 Re8 11. Nb5 Qe7 12. Qxe7 Rxe7 13. Nc3 Nd5 14. Nxd5 exd5
15. Ng5 Nf6 16. c4 d4 17. Bf3 h6 18. Bd5+ Nxd5 19. cxd5 hxg5 20. fxg5 dxe3 21.
a3 Bf5 22. Re1 Rae8 23. d6 Re4 24. h3 Bd4 25. g4 e2+ 26. Kg2 Be6 27. Rb1 Bd5 28.
Kg3 Be5+ 29. Kf3 Rf8+ 30. Kg2 Rxg4# {White checkmated} 0-1

[Event "Team 45 45 League T78"]
[Site "Internet Chess Club"]
[Date "2018.11.12"]
[Round "8"]
[White "vedv"]
[Black "kingsrook"]
[Result "1-0"]
[WhiteElo "1076"]
[BlackElo "1107"]
[Opening "Sicilian defense"]
[ECO "B40"]
[Time "15:31:59"]
[TimeControl "2700+45"]

1. e4 c5 2. Nf3 e6 3. Nc3 Nc6 4. Be2 Nf6 5. e5 Ng4 6. O-O Ngxe5 7. Nxe5 Nxe5 8.
d4 cxd4 9. Qxd4 Nc6 10. Qd1 Be7 11. Bd3 d5 12. Qf3 Ne5 13. Qh3 Nxd3 14. cxd3 O-O
15. Qg3 Bd6 16. Qf3 a6 17. Be3 b5 18. a4 b4 19. Ne2 a5 20. Ng3 Qc7 21. Nh5 Bxh2+
22. Kh1 Be5 23. g3 Bxb2 24. Rab1 Bc3 25. d4 f5 26. Rbc1 Qd7 27. Qf4 Qxa4 28. Qe5
Qd7 29. Bg5 Qf7 30. Nf4 a4 31. Ne2 Bb2 32. Rc7 Qg6 33. Be7 Rf7 34. Nf4 Qh6+ 35.
Kg2 a3 36. Rh1 Qxh1+ 37. Kxh1 a2 38. Qd6 a1=Q+ 39. Kg2 Bxd4 40. Qd8+ {Black
resigns} 1-0

[Event "Team 45 45 League T78"]
[Site "Internet Chess Club"]
[Date "2018.11.12"]
[Round "8"]
[White "kutch"]
[Black "MathBandit"]
[Result "0-1"]
[WhiteElo "1530"]
[BlackElo "1555"]
[Opening "QGD: Chigorin defense"]
[ECO "D07"]
[Time "20:00:37"]
[TimeControl "2700+45"]

1. d4 d5 2. c4 Nc6 3. Nf3 e5 4. Nxe5 Nxe5 5. dxe5 dxc4 6. Qa4+ c6 7. Qxc4 Qa5+
8. Bd2 Qxe5 9. Bc3 Qg5 10. Nd2 Be6 11. Qd4 Rd8 12. Qe5 Qxe5 13. Bxe5 Bb4 14.
O-O-O f6 15. Bf4 Bxa2 16. e4 Ne7 17. Bc4 Bxd2+ 18. Rxd2 Bxc4 19. Rxd8+ Kxd8 20.
Rd1+ Ke8 21. Bc7 Kf7 22. f4 Rc8 23. Bd8 Ke8 24. Ba5 b6 25. Bc3 Rd8 26. Re1 Kf7
27. e5 fxe5 28. fxe5 Ng6 29. Re4 Bd5 30. Re2 Re8 31. g3 Ke6 32. h4 h5 33. Kd2
Rf8 34. Kc2 Rf5 35. Kd3 Nxe5+ 36. Bxe5 Rxe5 37. Rf2 Kd7 38. Rf8 Re8 39. Rf2 b5
40. Kd2 a5 41. Rf5 g6 42. Rf6 Re6 43. Rf7+ Kd6 44. Rf8 Kc5 45. Rf4 Re4 46. Rf6
Rg4 {White resigns} 0-1

[Event "Team 45 45 League T78"]
[Site "Internet Chess Club"]
[Date "2018.11.11"]
[Round "8"]
[White "Chess4Him"]
[Black "Electryon"]
[Result "0-1"]
[WhiteElo "1492"]
[BlackElo "1424"]
[Opening "Queen's pawn, Mason variation"]
[ECO "D00"]
[Time "21:00:23"]
[TimeControl "2700+45"]

1. d4 d5 2. Bf4 Nf6 3. e3 c5 4. c3 Nc6 5. Nf3 Qb6 6. Qb3 c4 7. Qc2 Bf5 8. Qc1 e6
9. h3 Be7 10. Nbd2 O-O 11. Be2 a5 12. O-O Qa7 13. a4 b6 14. Nh4 Qb7 15. Nxf5
exf5 16. Qc2 g6 17. Bf3 b5 18. axb5 Qxb5 19. Rfb1 a4 20. Ra2 Ra6 21. Rba1 Rfa8
22. Nb1 Ne4 23. Na3 Qb3 24. Qc1 Na5 25. Bc7 Qb7 26. Bxa5 Rxa5 27. Bd1 Qc6 28.
Rb1 Rb8 29. Raa1 Bh4 30. g3 Be7 31. Qc2 Rba8 32. Bf3 Rb8 33. Qe2 Rb3 34. Qe1 Ra8
35. Bd1 Rb7 36. Bf3 Rab8 37. Qe2 Rb3 38. Qc2 R8b6 39. Kg2 Qb7 40. Ra2 Bxa3 41.
Rxa3 Rxa3 42. bxa3 Rxb1 43. Qxa4 Qb8 44. Qa5 Rb5 45. Qa4 Nxc3 46. Qa6 Ne4 47. a4
Rb6 48. Qa5 c3 49. Qxd5 c2 50. Qc4 Rb2 51. a5 Nd2 52. Qc3 Nxf3 53. Kxf3 Qb7+ 54.
d5 Qxd5+ 55. Kf4 Qd6+ 56. Kf3 Qb4 57. Qc8+ Kg7 58. a6 Qe4+ {White resigns} 0-1

[Event "Team 45 45 League T78"]
[Site "Internet Chess Club"]
[Date "2018.11.11"]
[Round "8"]
[White "clarinetref"]
[Black "chuckh2"]
[Result "1-0"]
[WhiteElo "1506"]
[BlackElo "1348"]
[Opening "Réti: King's Indian attack (Barcza system)"]
[ECO "A07"]
[Time "20:02:14"]
[TimeControl "2700+45"]

1. Nf3 d5 2. g3 Nf6 3. b3 Bg4 4. Bg2 e6 5. Bb2 Nbd7 6. O-O Bd6 7. d3 O-O 8. Nbd2
c6 9. c4 Re8 10. d4 Qc7 11. cxd5 exd5 12. a4 Bb4 13. h3 Bxf3 14. Bxf3 Qa5 15.
Nb1 Re7 16. Ba3 Rae8 17. Bxb4 Qxb4 18. e3 Ne4 19. Bxe4 Rxe4 20. Nd2 R4e6 21. Qc2
Rh6 22. Kg2 Qd6 23. Nf3 Ree6 24. Nh4 Rxh4 25. gxh4 Rg6+ 26. Kh1 Qf6 27. Rg1 Qf3+
28. Kh2 Rh6 29. Rg3 Qh5 30. Rag1 g6 31. Rg4 Nf6 32. Rf4 Ne4 33. f3 f6 34. fxe4
g5 35. exd5 Kf7 36. Rfg4 cxd5 37. Qc7+ Ke6 38. Qc8+ Ke7 39. Qxb7+ Kd6 40. Rc1
gxh4 41. Rc6# {Black checkmated} 1-0

[Event "Team 45 45 League T78"]
[Site "Internet Chess Club"]
[Date "2018.11.09"]
[Round "8"]
[White "BrerRabbit"]
[Black "sdcohle"]
[Result "0-1"]
[WhiteElo "1335"]
[BlackElo "1367"]
[Opening "Pirc: classical system, 5.Be2"]
[ECO "A40"]
[Time "19:00:56"]
[TimeControl "2700+45"]

1. d4 g6 2. e4 Bg7 3. Nf3 d6 4. Be2 Nf6 5. Nc3 O-O 6. O-O b6 7. d5 Bb7 8. Bg5
Nbd7 9. Qd2 Nc5 10. Bd3 Nxd3 11. cxd3 Re8 12. Bh6 e6 13. Bxg7 Kxg7 14. dxe6 Rxe6
15. Rac1 Rc8 16. Rfe1 a6 17. a3 a5 18. Nb5 c6 19. Nbd4 Re7 20. Ne2 Qd7 21. h3
Rce8 22. Nc3 b5 23. Kf1 c5 24. Nd5 Nxd5 25. exd5 Bxd5 26. Qc3+ f6 27. Qxa5 Bxf3
28. gxf3 Qxh3+ 29. Kg1 Qxf3 30. Rxe7+ Rxe7 31. Qxb5 Re2 32. Rf1 Qg4+ 33. Kh2 Re5
34. Rg1 Rh5# {White checkmated} 0-1